 Dungeon Crawl Stone Soup version 0.25-a0-513-ge77a69270c (webtiles) character file.

Game seed: 1679714717797994043, levelgen mode: classic

208979 EnegeticOcto the Pandemonic (level 17, -1/168 HPs)
             Began as a Deep Dwarf Fighter on Feb 16, 2020.
             Was a High Priest of Makhleb.
             Killed from afar by an ice dragon (47 damage)
             ... with a blast of cold
             ... on level 5 of the Vaults.
             The game lasted 00:16:54 (16577 turns).

EnegeticOcto the Pandemonic (Deep Dwarf Fighter)   Turns: 16577, Time: 00:16:55

Health: -1/168     AC: 32    Str: 38    XL:     17   Next: 66%
Magic:  9/9        EV: 21    Int: 16    God:    Makhleb [*****.]
Gold:   1006       SH:  0    Dex: 19    Spells: 16/16 levels left

rFire    + + .     SeeInvis .   H - +6 battleaxe of Zeachuitz {elec, Dex+4}
rCold    . . .     Gourm    .   (shield currently unavailable)
rNeg     + . .     Faith    .   t - +3 crystal plate armour
rPois    +         Spirit   .   s - +0 helmet
rElec    +         Reflect  .   D - +2 cloak {MR+}
rCorr    .         Harm     .   (no gloves)
MR       +++..     NoTele   +   (no boots)
Stlth    ..........             M - amulet of Fepiq {RegenMP *Drain +Fly rPois rF+}
HPRegen  0.00/turn              u - ring "Dyl Ydd" {-Tele rElec AC+2 Int+4 Stlth+}
MPRegen  0.36/turn              N - ring "Qeiloas" {rElec rPois rF+ Str+9 Dex-2}

@: mighty, agile, non-regenerating
A: damage resistance, heal wounds, blurry vision 1, negative energy resistance
1, sense surroundings 2, no regeneration
}: 2/15 runes: decaying, gossamer
a: Heal Wounds, Minor Destruction, Lesser Servant of Makhleb, Major Destruction,
Greater Servant of Makhleb, Renounce Religion, Evoke Flight


You were on level 5 of the Vaults.
You worshipped Makhleb.
Makhleb was extremely pleased with you.
You were not hungry.

You visited 5 branches of the dungeon, and saw 34 of its levels.
You also visited: Bailey.

You collected 1369 gold pieces.
You spent 363 gold pieces at shops.

Inventory:

Hand Weapons
 b - a +1 whip of distortion
 z - a +2 war axe of freezing
 H - the +6 battleaxe of Zeachuitz (weapon) {elec, Dex+4}
   (You found it on level 13 of the Dungeon)

   Occasionally, upon striking a foe, it will discharge some electrical energy
   and cause terrible harm.
   It affects your dexterity (+4).
Missiles
 f - 8 throwing nets (quivered)
Armour
 s - a +0 helmet (worn)
 t - a +3 crystal plate armour (worn)
 D - a +2 cloak of magic resistance (worn)
Jewellery
 u - the ring "Dyl Ydd" (left hand) {-Tele rElec AC+2 Int+4 Stlth+}
   (You bought it in a shop on level 5 of the Dungeon)

   [ring of protection]

   It affects your AC (+2).
   It affects your intelligence (+4).
   It insulates you from electricity.
   It prevents most forms of teleportation.
   It makes you more stealthy.
 M - the amulet of Fepiq (around neck) {RegenMP *Drain +Fly rPois rF+}
   (You took it off a skeletal warrior on level 13 of the Dungeon)

   [amulet of magic regeneration]

   It increases your magic regeneration.
   It protects you from fire.
   It protects you from poison.
   It lets you fly.
   It causes draining when unequipped.
 N - the ring "Qeiloas" (right hand) {rElec rPois rF+ Str+9 Dex-2}
   (You found it on level 13 of the Dungeon)

   [ring of protection from fire]

   It affects your strength (+9).
   It affects your dexterity (-2).
   It protects you from fire.
   It insulates you from electricity.
   It protects you from poison.
Wands
 a - a wand of acid (9) {@V1}
 g - a wand of paralysis (17)
 h - a wand of digging (7) {@V2}
 l - a wand of flame (50)
 B - a wand of iceblast (28)
Scrolls
 n - 2 scrolls of blinking {@r3}
 p - 3 scrolls of enchant weapon
 r - 11 scrolls of teleportation {@r2}
 v - 7 scrolls of remove curse {@r6}
 y - 6 scrolls of magic mapping {@r5}
 F - 2 scrolls of immolation {@r4}
 O - a scroll of fear
Potions
 d - 2 potions of might {@q3}
 i - 5 potions of flight
 j - 8 potions of curing {@q1}
 k - 4 potions of heal wounds {@q2}
 m - 4 potions of agility {@q5}
 o - 5 potions of brilliance
 q - 2 potions of resistance {@q6}
 w - a potion of lignification {@q7}
 C - 2 potions of mutation
 G - 3 potions of ambrosia
 I - 3 potions of haste {@q4}
 L - 3 potions of magic
Miscellaneous
 J - a lamp of fire
Comestibles
 c - 12 chunks of flesh
 e - 23 rations


   Skills:
 * Level 14.6 Fighting
 * Level 17.0 Axes
 + Level 12.9 Armour
 + Level 12.4 Dodging
   Level 8.4 Shields
 * Level 19.2 Invocations


You had 16 spell levels left.
You didn't know any spells.
Your spell library contained the following spells:

 Spells                   Type           Power        Failure   Level  Hunger
 Beastly Appendage        Tmut           #.....       95%         1    ##.....
 Foxfire                  Conj/Fire      #...         95%         1    ##.....
 Summon Butterflies       Summ           #.......     95%         1    ##.....
 Sticks to Snakes         Tmut           #.......     99%         2    ###....
 Call Canine Familiar     Summ           #.......     100%        3    ####...
 Spider Form              Tmut/Pois      #.........   100%        3    ####...
 Cause Fear               Hex            #.........   100%        4    #####..
 Ice Form                 Ice/Tmut       #.......     100%        4    #####..
 Summon Ice Beast         Ice/Summ       #.......     100%        4    #####..
 Blade Hands              Tmut           #.........   100%        5    ######.
 Summon Mana Viper        Hex/Summ       #.......     100%        5    ######.
 Dragon Form              Tmut           #.........   100%        7    #######
 Summon Hydra             Summ           #.........   100%        7    #######
 Dragon's Call            Summ           #.........   100%        9    #######


Dungeon Overview and Level Annotations

Branches:
Dungeon (15/15)            Temple (0/1) D:6            Lair (6/6) D:8
  Swamp (4/4) Lair:2       Spider (4/4) Lair:3        Slime (0/5) Lair:5
    Orc (0/2) D:12         Vaults (5/5) D:13         Depths (0/5) D:15
 Bailey (visited)
  Crypt: Vaults:2-3

Altars:
Ashenzari
Fedhas
Gozag
Hepliaklqana
Makhleb
Nemelex Xobeh
Okawaru
Qazlal
Uskayaw
Jiyva

Shops:
D:5 =   D:8 ?*   D:12 (

Annotations:
Lair:4 exclusion: 3 oklob plants
Spider:3 1 runed translucent door, Jom Ituh's ghost, adept DDFi


Innate Abilities, Weirdness & Mutations

You are resistant to damage.
You can heal yourself by infusing magical energy.
You resist negative energy. (rN+)
You passively map the area around you.
You do not regenerate.
Scrolls take you a little longer to read.


Message History

The orc knight completely misses you.
The vault guard is engulfed in poison gas.
The vault guard looks as sick as possible!
The vault guard dies!
Makhleb accepts your kill. The titan casts a spell at you.
The bolt of lightning hits you. You resist.
The bolt of lightning hits the orc wizard!!!
The orc wizard dies!
The vault warden hits you with a +0 great mace!
Your cacodemon closely misses the quicksilver dragon.
Your cacodemon hits the quicksilver dragon!!
Your orange demon stings the titan from afar.
The quicksilver dragon is engulfed in poison gas.
The quicksilver dragon looks as sick as possible!
The quicksilver dragon bites your cacodemon.
The quicksilver dragon claws your cacodemon but does no damage.
The orc warrior hits you but does no damage.
You carve the titan like a ham!!!
You kill the titan!
Makhleb accepts your kill.
You closely miss the orc knight. You slice the vault warden!!
You kill the vault warden!
Makhleb accepts your kill.
You feel better. The blizzard demon hits your cacodemon!
The blizzard demon hits your cacodemon.
The quicksilver dragon is engulfed in poison gas.
The quicksilver dragon looks as sick as possible!
The quicksilver dragon bites your cacodemon but does no damage.
The quicksilver dragon claws your cacodemon but does no damage.
The stone giant throws a large rock.
The large rock barely misses you.
The large rock closely misses your cacodemon.
The large rock hits the blizzard demon.
The orc knight hits you with a +0 long sword!
The yaktaur captain shoots a bolt.
The bolt hits you!
Your cacodemon gestures at the blizzard demon.
The blizzard demon twists and deforms.
Your orange demon stings the blizzard demon from afar.
You slice the orc knight!!
Lightning courses through the orc knight!
The orc knight is almost dead.
You slash the orc!
You kill the orc!
Makhleb accepts your kill.
You feel better.
You slice the ice dragon!!
The quicksilver dragon bites your cacodemon!!
Your cacodemon dies!
The orc warrior closely misses you.
The stone giant throws a large rock.
The large rock misses you.
The large rock hits the blizzard demon!!
Your orange demon stings the blizzard demon!
Your orange demon hits the blizzard demon but does no damage.
The ice dragon completely misses you. The ice dragon closely misses you. x2
The orc knight closely misses you.
The quicksilver dragon roars deafeningly!
You chop the orc knight into pieces!!!
Lightning courses through the orc knight!
You kill the orc knight!
Makhleb accepts your kill.
You feel better.
You slash the ice dragon! You hit the blizzard demon.
You hear a shout!
You hear two shouts!
An alligator appears out of thin air!
Reactivating autopickup.
The yaktaur captain shoots a bolt.
The bolt hits you!
The orc sorcerer mumbles some strange words.
The orc warrior misses you.
The stone giant throws a large rock.
The large rock hits you!!!
* * * LOW HITPOINT WARNING * * *
Your orange demon stings the blizzard demon!
The blizzard demon is poisoned.
Your orange demon poisons the blizzard demon!
Your orange demon hits the blizzard demon.
The ice dragon bites you but does no damage.
The ice dragon closely misses you.
The ice dragon tramples you but does no damage.
You are too injured to fight recklessly!
You are too injured to fight recklessly!
You are too injured to fight recklessly!
You are too injured to fight recklessly!
You are too injured to fight recklessly!
You are too injured to fight recklessly!
You are too injured to fight recklessly!
You feel much better.
You hear some strange, mumbled words.
A bolt of fire appears from out of thin air!
The bolt of fire hits the orc!!!
The orc dies!
Deactivating autopickup; reactivate with Ctrl-A.
The bolt of fire hits you! You resist.
The quicksilver dragon completely misses you.
The quicksilver dragon closely misses you.
The yaktaur captain shoots a bolt.
The bolt hits you!!
* * * LOW HITPOINT WARNING * * *
The blizzard demon hits your orange demon! x2
Your orange demon closely misses the blizzard demon.
Your orange demon hits the blizzard demon!
The blizzard demon looks weaker.
The alligator puts on a burst of speed!
The ice dragon breathes frost at you. The blast of cold hits you!!!
You die...

, ^ *, , * *,
.###....#.c## ,, ,
* *#..#....#.... ,
* , **...........
,, , *
*#####........###
* * , ,
................ ,
,,
,.......2<<......
,, ,
......4D))<.....
,, ,
......o@<<...... ,
***
#####.))D)....##*
* , , ,
,,...4oC3........
, * , ,,, ,
,..............##*
,.....)#....#..#
,** , *
*####..#....#..#,
, , ,, #..#....#
.#* , , , ,
#.t#....# . * * *
* * *


You could see an ice dragon, a quicksilver dragon, a stone giant, a yaktaur
captain, an alligator, a blizzard demon, a sun demon, an orc sorcerer, a red
devil, an orc warrior and a friendly orange demon.

Vanquished Creatures
  Bai Suzhen (Swamp:3)
  A golden dragon (Vaults:5)
  A tentacled monstrosity (Vaults:5)
  A titan (Vaults:5)
  A thorn hunter (Swamp:4)
  A storm dragon (Vaults:5)
  2 fire giants
  An emperor scorpion (Spider:4)
  5 vault wardens
  3 ghost moths (Spider:4)
  2 very ugly things
  2 ironheart preservers
  2 stone giants
  A deep elf demonologist (Vaults:5)
  2 dire elephants (Lair:6)
  A spark wasp (Spider:4)
  An ettin (Vaults:5)
  4 yaktaur captains
  22 vault guards
  An ice dragon (Vaults:1)
  A great orb of eyes (Vaults:3)
  17 hydras
  2 shambling mangroves
  3 catoblepae
  5 ghost crabs
  A death knight (Vaults:3)
  3 centaur warriors
  4 alligators (Swamp:1)
  An ogre mage (Vaults:4)
  5 two-headed ogres
  6 death yaks
  Urug (D:12)
  Nergalle (D:10)
  A fire crab (shapeshifter) (D:13)
  A skeletal warrior (D:13)
  2 unseen horrors
  8 swamp dragons
  2 phantasmal warriors
  An ironbrand convoker (Vaults:1)
  A lindwurm (Lair:6)
  4 orc knights
  6 orb spiders
  9 wolf spiders
  An orc sorcerer (Vaults:3)
  4 deep elf magi
  7 ugly things
  4 cyclopes
  2 moths of wrath
  5 manticores
  4 black mambas
  6 vault sentinels
  A water nymph (shapeshifter) (D:13)
  3 centaur skeletons
  7 elephants
  2 gargoyles
  13 spiny frogs
  4 rime drakes
  An efreet (D:15)
  3 komodo dragons
  10 yaktaurs
  2 freezing wraiths
  4 demonic crawlers
  A kobold demonologist (D:12)
  3 tengu conjurers
  A troll (shapeshifter) (D:15)
  A meliai (D:13)
  4 polar bears
  12 jumping spiders
  5 trolls
  3 tyrant leeches
  20 slime creatures
  16 blink frogs
  5 hornets
  4 bog bodies
  A meliai zombie (D:15)
  7 hippogriffs
  3 dream sheep (Lair:6)
  2 water elementals (D:15)
  2 shadows
  3 spriggans
  10 tarantellas
  Sigmund (D:6)
  25 redbacks
  A wraith (D:9)
  A yak (shapeshifter) (D:13)
  2 wyverns
  4 fire bats (D:13)
  48 yaks
  5 basilisks
  9 vampire mosquitoes
  2 hungry ghosts
  6 swamp worms
  7 insubstantial wisps
  A soldier ant (D:14)
  8 water moccasins
  2 porcupines (Lair:4)
  Duvessa (D:5)
  A hell hound (D:13)
  5 sky beasts
  10 swamp drakes
  3 ice beasts
  3 phantoms
  A meliai simulacrum (D:13)
  16 orc warriors
  2 black bears (D:6)
  An eye of draining (D:14)
  12 centaurs
  12 ogres
  2 wolves
  7 crocodiles
  2 big kobolds
  Blork the orc (D:6)
  13 bullfrogs
  8 gnoll sergeants (Bailey)
  A wyvern zombie (D:14)
  3 scorpions
  A wyvern skeleton (D:8)
  Dowan (D:5)
  12 killer bees
  25 wights
  An electric eel (D:15)
  5 howler monkeys
  2 lava snakes (D:13)
  3 bullfrog zombies
  7 crimson imps
  A quasit (D:14)
  2 jellies
  5 centaur zombies
  4 orc priests
  6 hounds
  Crazy Yiuf (D:6)
  6 gnoll shamans (Bailey)
  18 orc wizards
  5 bullfrog skeletons
  6 iguanas
  12 worker ants
  2 hound zombies
  A hound skeleton (D:6)
  17 adders
  17 gnolls
  3 shadow imps
  An adder zombie (D:6)
  An adder skeleton (D:4)
  2 worms
  2 dart slugs (D:4)
  6 leopard geckos
  48 orcs
  A bat (D:2)
  2 giant cockroaches
  5 goblins
  5 jackals (D:10)
  9 kobolds
  2 quokkas
  5 ball pythons
  A fire vortex (D:13)
  A fungus (Lair:6)
  A plant (D:15)
807 creatures vanquished.

Vanquished Creatures (collateral kills)
  A shadow dragon (Vaults:5)
  An emperor scorpion (Spider:1)
  A spark wasp (Spider:4)
  6 vault guards (Vaults:5)
  An ice dragon (shapeshifter) (D:13)
  7 orb spiders
  5 wolf spiders (Spider:4)
  A freezing wraith (Vaults:5)
  4 jumping spiders (Spider:4)
  5 redbacks
  4 tarantellas (Spider:4)
  A scorpion (D:13)
  A worker ant (D:13)
38 creatures vanquished.

Vanquished Creatures (others)
  An emperor scorpion (Spider:4)
  Maurice (D:9)
  A hornet (Swamp:3)
  A swamp drake (Swamp:1)
  An orc wizard (Vaults:5)
  An orc (Vaults:5)
  A fire vortex (D:13)
  A plant (Lair:4)
8 creatures vanquished.

Grand Total: 853 creatures vanquished

Notes
Turn   | Place    | Note
-------+----------+-------------------------------------------
     0 | D:1      | EnegeticOcto the Deep Dwarf Fighter began the quest for the
                  | Orb.
     0 | D:1      | Reached XP level 1. HP: 20/20 MP: 1/1
    39 | D:2      | Reached XP level 2. HP: 24/27 MP: 2/2
   109 | D:4      | Reached skill level 1 in Dodging
   109 | D:4      | Reached XP level 3. HP: 32/33 MP: 3/3
   111 | D:4      | Noticed a scorpion
   119 | D:4      | Killed a scorpion
   119 | D:4      | Reached XP level 4. HP: 34/42 MP: 4/4
   166 | D:4      | Reached XP level 5. HP: 49/49 MP: 4/4
   366 | D:4      | Found a sparkling altar of Nemelex Xobeh.
   425 | D:4      | Reached XP level 6. HP: 36/56 MP: 5/5
   987 | D:4      | Found a burning altar of Makhleb.
   999 | D:4      | Became a worshipper of Makhleb the Destroyer
  1031 | D:5      | Entered Level 5 of the Dungeon
  1065 | D:5      | Found an iron altar of Okawaru.
  1087 | D:5      | Reached skill level 5 in Axes
  1087 | D:5      | Reached skill level 1 in Invocations
  1140 | D:5      | Reached XP level 7. HP: 63/63 MP: 3/5
  1317 | D:5      | Reached skill level 2 in Invocations
  1371 | D:5      | Found a sparkling altar of Nemelex Xobeh.
  1423 | D:5      | Found Kanysh's Jewellery Boutique.
  1559 | D:5      | Found a hazy altar of Hepliaklqana.
  1647 | D:5      | Noticed Dowan
  1648 | D:5      | Noticed Duvessa
  1667 | D:5      | Killed Dowan
  1673 | D:5      | Killed Duvessa
  1673 | D:5      | Reached skill level 5 in Shields
  1673 | D:5      | Reached skill level 3 in Invocations
  1852 | D:5      | Reached skill level 5 in Armour
  2050 | D:6      | Reached XP level 8. HP: 37/73 MP: 6/6
  2100 | D:6      | Reached skill level 4 in Invocations
  2148 | D:6      | Noticed Sigmund
  2176 | D:6      | Killed Sigmund
  2176 | D:6      | Reached skill level 5 in Fighting
  2179 | D:6      | Reached * piety under Makhleb
  2179 | D:6      | Reached skill level 5 in Invocations
  2225 | D:6      | Gained mutation: You passively map the area around you.
                  | [Deep Dwarf growth]
  2225 | D:6      | Reached XP level 9. HP: 59/81 MP: 6/6
  2405 | D:6      | Found a staircase to the Ecumenical Temple.
  2743 | D:6      | Found a runed translucent door.
  2744 | D:6      | Noticed Crazy Yiuf
  2788 | D:6      | Noticed Blork the orc
  2790 | D:6      | Reached skill level 6 in Invocations
  2800 | D:6      | Killed Blork the orc
  3052 | D:6      | Killed Crazy Yiuf
  3253 | D:7      | Found a flagged portal.
  3270 | Bailey   | Entered a bailey
  3358 | Bailey   | Reached ** piety under Makhleb
  3367 | Bailey   | Reached skill level 7 in Invocations
  3449 | Bailey   | Reached skill level 5 in Dodging
  4243 | D:7      | Reached XP level 10. HP: 82/92 MP: 6/6
  4427 | D:8      | Found a staircase to the Lair.
  4436 | D:8      | Found Yshryoj's Serpentskin Sales.
  4446 | D:8      | Reached skill level 8 in Invocations
  4638 | D:5      | Bought the ring "Dyl Ydd" {-Tele rElec AC+2 Int+4 Stlth+}
                  | for 325 gold pieces
  4695 | D:8      | Reached *** piety under Makhleb
  4873 | D:8      | Found Sydghok's Magic Scroll Boutique.
  4881 | D:8      | Bought a scroll of magic mapping for 38 gold pieces
  5455 | D:9      | Reached **** piety under Makhleb
  5496 | D:9      | Noticed Maurice
  5512 | D:9      | Killed Maurice
  5548 | D:9      | Found an opulent altar of Gozag.
  5548 | D:9      | Found a blossoming altar of Fedhas.
  5697 | D:9      | Reached skill level 9 in Invocations
  5739 | D:9      | Found a shattered altar of Ashenzari.
  5741 | D:9      | Found a faded altar of an unknown god.
  5743 | D:9      | Found a stormy altar of Qazlal.
  5926 | D:10     | Entered Level 10 of the Dungeon
  6237 | D:10     | Noticed a two-headed ogre
  6244 | D:10     | Killed a two-headed ogre
  6273 | D:10     | Found a hide-covered altar of Uskayaw.
  6281 | D:10     | Noticed Nergalle
  6329 | D:10     | Killed Nergalle
  6329 | D:10     | Reached XP level 11. HP: 103/103 MP: 9/9
  6362 | D:10     | Noticed Sonja
  6364 | D:10     | Noticed Sonja
  6364 | D:10     | Sonja changed into Sonja the troll
  6375 | D:10     | Killed Sonja the troll
  6717 | D:11     | Reached ***** piety under Makhleb
  6864 | D:11     | Killed an unseen horror
  6880 | D:11     | Noticed a red ugly thing
  6909 | D:11     | Killed a red ugly thing
  6909 | D:11     | Reached skill level 10 in Invocations
  7023 | D:11     | Noticed a two-headed ogre
  7036 | D:11     | Killed a two-headed ogre
  7146 | D:12     | Reached skill level 10 in Axes
  7200 | D:12     | Noticed Urug
  7249 | D:12     | Killed Urug
  7569 | D:12     | Found Sikhuxt's Antique Weapon Emporium.
  7632 | D:12     | Found a staircase to the Orcish Mines.
  7637 | D:12     | Noticed a white ugly thing
  7658 | D:12     | Killed a white ugly thing
  7658 | D:12     | Reached skill level 11 in Invocations
  7670 | D:12     | Noticed a deep elf mage
  7677 | D:12     | Killed a deep elf mage
  7859 | D:13     | Reached XP level 12. HP: 112/112 MP: 8/8
  7936 | D:13     | Noticed a centaur warrior
  7953 | D:13     | Killed a centaur warrior
  8108 | D:13     | Got a transparent battleaxe
  8109 | D:13     | Identified the +6 battleaxe of Zeachuitz {elec, Dex+4} (You
                  | found it on level 13 of the Dungeon)
  8231 | D:13     | Found a gate to the Vaults.
  8254 | D:13     | Noticed a two-headed ogre
  8254 | D:13     | a shining eye changed into a two-headed ogre
  8256 | D:13     | a two-headed ogre changed into a water nymph
  8333 | D:13     | Reached skill level 12 in Invocations
  8441 | D:13     | Noticed a six-headed hydra
  8480 | D:13     | Killed a 13-headed hydra
  8482 | D:13     | Noticed an ice dragon
  8482 | D:13     | a swamp dragon changed into an ice dragon
  8488 | D:13     | Killed an ice dragon
  8520 | D:13     | Noticed a seven-headed hydra
  8524 | D:13     | Noticed a catoblepas
  8532 | D:13     | Identified the amulet of Fepiq {RegenMP *Drain +Fly rPois
                  | rF+}
  8560 | D:13     | Killed a catoblepas
  8564 | D:13     | Killed a 20-headed hydra
  8577 | D:13     | Reached skill level 10 in Fighting
  8580 | D:13     | Identified the ring of Nieha {rN+ MP+9}
  8598 | D:13     | Reached XP level 13. HP: 80/123 MP: 8/8
  8694 | D:13     | Reached skill level 13 in Invocations
  8729 | D:13     | Got a steaming ivory ring
  8732 | D:13     | Got a crude sapphire amulet
  8803 | D:13     | Identified the ring "Qeiloas" {rElec rPois rF+ Str+9 Dex-2}
                  | (You found it on level 13 of the Dungeon)
  8804 | D:13     | Identified the amulet of Vomikael {Inacc +Fly} (You found
                  | it on level 13 of the Dungeon)
  8943 | D:14     | Reached ****** piety under Makhleb
  9279 | D:14     | Found a frozen archway.
  9355 | D:15     | Entered Level 15 of the Dungeon
  9809 | D:15     | Found a staircase to the Depths.
 10231 | Lair:1   | Entered Level 1 of the Lair of Beasts
 10388 | Lair:2   | Found the +5 robe of Night {Dark MR+ SInv}
 10464 | Lair:2   | Reached skill level 14 in Invocations
 10527 | Lair:2   | Found a staircase to the Swamp.
 10881 | Lair:3   | Found a hole to the Spider Nest.
 11356 | Lair:4   | Reached skill level 10 in Armour
 11403 | Lair:4   | Gained mutation: You resist negative energy. (rN+) [Deep
                  | Dwarf growth]
 11403 | Lair:4   | Reached XP level 14. HP: 135/135 MP: 10/10
 12565 | Lair:5   | Found a staircase to the Slime Pits.
 12565 | Lair:5   | Found a viscous altar of Jiyva.
 12696 | Lair:5   | Reached skill level 15 in Invocations
 12934 | Lair:6   | Entered Level 6 of the Lair of Beasts
 13201 | Lair:6   | Reached skill level 10 in Dodging
 13265 | Lair:6   | Got a heavily runed plate armour
 13909 | Swamp:1  | Entered Level 1 of the Swamp
 14065 | Swamp:1  | Reached XP level 15. HP: 78/145 MP: 12/12
 14174 | Swamp:2  | Identified the cursed +1 plate armour of Vehumet's Reproof
                  | {rElec Str+2} (You found it on level 6 of the Lair of
                  | Beasts)
 14180 | Swamp:3  | Noticed Bai Suzhen
 14338 | Swamp:3  | Killed Bai Suzhen
 14338 | Swamp:3  | Reached skill level 16 in Invocations
 14432 | Swamp:4  | Entered Level 4 of the Swamp
 14527 | Swamp:4  | Noticed a thorn hunter
 14539 | Swamp:4  | Reached skill level 15 in Axes
 14570 | Swamp:4  | Killed a thorn hunter
 14589 | Swamp:4  | Got a decaying rune of Zot
 14751 | Spider:1 | Entered Level 1 of the Spider Nest
 14799 | Spider:1 | Reached skill level 17 in Invocations
 14942 | Spider:3 | Reached XP level 16. HP: 156/156 MP: 10/10
 14961 | Spider:3 | Found a runed translucent door.
 14963 | Spider:3 | Noticed Jom Ituh's ghost (adept DDFi)
 15047 | Spider:4 | Entered Level 4 of the Spider Nest
 15523 | Spider:4 | Got a gossamer rune of Zot
 15949 | Vaults:1 | Entered Level 1 of the Vaults
 16058 | Vaults:1 | Reached skill level 18 in Invocations
 16509 | Vaults:4 | Reached XP level 17. HP: 146/166 MP: 9/9
 16518 | Vaults:5 | Entered Level 5 of the Vaults
 16518 | Vaults:5 | Noticed a tentacled monstrosity
 16532 | Vaults:5 | Noticed a golden dragon
 16541 | Vaults:5 | Killed a tentacled monstrosity
 16546 | Vaults:5 | Noticed a titan
 16550 | Vaults:5 | Killed a golden dragon
 16559 | Vaults:5 | Gained mutation: Scrolls take you a little longer to read.
                  | [a neqoxec]
 16563 | Vaults:5 | Reached skill level 19 in Invocations
 16564 | Vaults:5 | Noticed a quicksilver dragon
 16571 | Vaults:5 | Noticed an ancient lich
 16574 | Vaults:5 | Killed a titan
 16577 | Vaults:5 | Killed from afar by an ice dragon

Levels and vault maps discovered:
D:1:      moated_graveyard_arrival, layout_basic, minmay_pentomino_o2
D:2:      layout_basic, first_ration
D:3:      layout_basic, uniq_terence
D:4:      layout_basic, makhleb_grotto_becter, nemelex_altar_shiori
D:5:      layout_basic, kennysheep_mini, old_standard_altar, serial_shops, shop,
          basic_altar, uniq_duvessa
D:6:      hangedman_cross_stitches, layout_loops_ring,
          minmay_temple_entry_fiery, uniq_sigmund, uniq_blork_the_orc,
          uniq_crazy_yiuf_cottage
D:7:      layout_basic, enter_bailey_3, the_bakery
D:8:      layout_layer_cave, lair_entry_dummy, serial_shops, shop,
          guppyfry_shop_venom
D:9:      layout_rooms, chequers_temple_overflow_minitemple, grunt_ministairs_4,
          uniq_maurice
D:10:     layout_irregular_city, basic_altar, uniq_nergalle, uniq_sonja
D:11:     layout_cross
D:12:     layout_roguey, david_orc_2, serial_shops, nicolae_shop_behind_doors,
          uniq_urug
D:13:     minmay_the_grid_triangle_9x9_recursive_3_mashed
          [minmay_the_grid_triangle_9x9_alien,
          minmay_the_grid_triangle_9x9_minimal,
          minmay_the_grid_triangle_9x9_dagger,
          minmay_the_grid_triangle_9x9_prize_special,
          minmay_the_grid_triangle_9x9_skeleton,
          minmay_the_grid_triangle_9x9_warning,
          minmay_the_grid_triangle_9x9_descending_squares,
          minmay_the_grid_triangle_9x9_impossible_snake,
          minmay_the_grid_triangle_9x9_corrupted_corridor], layout_loops_cross,
          david_vaults_2, hangedman_incinerator
D:14:     layout_roguey, portal_ice_cave_entry_animals_and_master,
          minmay_misc_feat_room
D:15:     grunt_enter_depths_snipers, layout_loops_ring, serial_bayou_shore_a,
          minivault_26
Lair:1:   layout_small_grid, ebering_ghost_funeral_grove
Lair:2:   layout_cave_shapes, palyth_hydra_swamp_entry
Lair:3:   layout_chaotic_city, spider_nest_entry_web_field
Lair:4:   layout_gridlike, chequers_serial_rivers_micro_e, grunt_megastairs_5,
          minmay_lair_oklob_chamber
Lair:5:   beast_lair_carwin_large_2, layout_cave_shapes, slime_altar_1
Lair:6:   hangedman_lair_in_review, layout_cave_pods, wormcave
Swamp:1:  layout_basic_swamp, serial_swamp_ruin, evilmike_swamp_ruin_house_3,
          evilmike_swamp_ruin_house_4, evilmike_swamp_ruin_house_5
Swamp:2:  layout_basic_swamp, nicolae_swamp_triple_paths,
          infiniplex_staircase_pool_2
Swamp:3:  layout_falls_marsh, nicolae_swamp_godswood, swamp_pool2,
          nicolae_swamp_alligator_family, uniq_mara, uniq_roxanne,
          uniq_bai_suzhen
Swamp:4:  swamp, layout_basic_swamp, gammafunk_ghost_mausoleum
Spider:1: layout_spider_delve
Spider:2: layout_spider_delve
Spider:3: layout_spider_delve, ebering_ghost_reflecting_pool
Spider:4: grunt_spider_rune_parallel, guppyfry_spider_mini_1
Vaults:1: vaults_room_stairs_pillars, st_octagons_2, nicolae_vaults_theta,
          nicolae_vaults_little_squares_1, vaults_room_grunt_arrival_checkpoint,
          nicolae_vaults_specimen_jars, layout_vaults_chaotic_city
Vaults:2: vaults_room_ringed_pool, ontoclasm_vaults_gallery, vaults_room_grid,
          grunt_vaults_funnel, hangedman_vaults_slither,
          grunt_vaults_hallway_short, grunt_vaults_hallway_short,
          nicolae_vaults_what_the_h, vaults_mumra_chevron,
          grunt_vaults_diagonal, vaults_room_hallway, vaults_mumra_hexcomb,
          layout_vaults_omnicross, basic_altar, serial_hangedman_research,
          hangedman_research_toxicology
Vaults:3: minmay_crypt_entry_necro_gods, grunt_vaults_twisty,
          nicolae_vaults_ring_of_whatevers, vaults_room_mumra_shop_pool,
          vaults_dpeg_ring, nicolae_vaults_windows_and_doors_thing,
          hangedman_vaults_stream, vaults_standard_mumra_x, vaults_room_fours,
          ontoclasm_vaults_bender, special_room_vaults [special_room_orc],
          v_alt_pattern_4, hangedman_vaults_cutoff, layout_vaults_maze_snakey,
          uniq_xtahua
Vaults:4: ontoclasm_vaults_misaligned, nicolae_vaults_alarming, v_alt_pattern_4,
          v_misc_13, v_misc_17, nicolae_vaults_network_square, v_misc_9,
          nicolae_vaults_yaktaur_gun_rack, layout_vaults_quadrants,
          serial_shops, shop
Vaults:5: uniq_frederick

Skill      XL: |  1  2  3  4  5  6  7  8  9 10 11 12 13 14 15 16 17 |
---------------+----------------------------------------------------+-----
Axes           | 3 4 5 6 8 9 10 11 13 14 15 16 17 | 17.0
Dodging        | 1 2 3 4 5 6 7 8 9 10 11 12 | 12.4
Fighting       | 3 4 5 6 7 8 10 11 12 13 14 | 14.6
Armour         | 4 5 6 7 8 9 10 11 12 | 12.9
Shields        | 4 5 6 7 8 |  8.4
Invocations    | 1 3 5 7 9 11 12 14 15 17 18 19 | 19.2

Action                   |  1- 3 |  4- 6 |  7- 9 | 10-12 | 13-15 | 16-18 || total
-------------------------+-------+-------+-------+-------+-------+-------++-------
Melee: War axe           |    43 |   129 |   558 |   735 |       |       ||  1465
       Battleaxe         |       |       |       |   132 |   892 |   346 ||  1370
Invok: Lesser Servant of |       |       |       |     5 |     6 |    17 ||    28
       Greater Servant o |       |       |       |       |     2 |    13 ||    15
 Abil: Heal Wounds       |     2 |     6 |    35 |    16 |    21 |    19 ||    99
Evoke: Wand              |       |       |       |     3 |       |       ||     3
  Use: Scroll            |       |       |     9 |     4 |    16 |     3 ||    32
       Potion            |       |       |       |       |     3 |    10 ||    13
 Stab: Petrified         |       |       |       |    12 |     6 |       ||    18
       Petrifying        |       |       |       |     1 |       |       ||     1
       Distracted        |       |       |       |       |     2 |     5 ||     7
       Invisible         |       |       |       |       |       |     4 ||     4
       Held in net/web   |       |       |       |       |       |     1 ||     1
  Eat: Chunk             |       |     1 |    12 |    17 |    19 |     2 ||    51
       Ration            |       |       |       |     1 |     2 |       ||     3
Armor: Scale mail        |    14 |    23 |       |       |       |       ||    37
       Chain mail        |       |    23 |   190 |       |       |       ||   213
       Plate armour      |       |       |   171 |       |       |       ||   171
       Crystal plate arm |       |       |    20 |  1002 |  1463 |   400 ||  2885
Dodge: Dodged            |    16 |    30 |   253 |   236 |   851 |   342 ||  1728
Block: Kite shield       |    29 |    57 |   483 |   559 |       |       ||  1128

Table legend:
 A = Non-vault XP
 B = Vault XP
 C = Vault XP percentage of total XP
 D = Non-vault monster count
 E = Vault monster count
 F = Vault count percentage of total count
                 A         B        C        D         E       F
            +---------+---------+-------+---------+---------+-------
      Total |  132766 |  132183 |  49.9 |     566 |     280 |  33.1
            +---------+---------+-------+---------+---------+-------
        D:1 |       4 |       0 |   0.0 |       2 |       0 |   0.0
        D:2 |      21 |       0 |   0.0 |       3 |       0 |   0.0
        D:3 |       4 |       0 |   0.0 |       2 |       0 |   0.0
        D:4 |     567 |      12 |   2.1 |      24 |       1 |   4.0
        D:5 |     568 |     208 |  26.8 |      17 |       2 |  10.5
        D:6 |    1197 |     978 |  45.0 |      28 |      11 |  28.2
        D:7 |     746 |     222 |  22.9 |      14 |       5 |  26.3
        D:8 |    1133 |     166 |  12.8 |      28 |       3 |   9.7
        D:9 |    1672 |     461 |  21.6 |      24 |       3 |  11.1
       D:10 |    1681 |    1121 |  40.0 |      23 |       2 |   8.0
       D:11 |    3092 |       0 |   0.0 |      17 |       0 |   0.0
       D:12 |    5722 |     989 |  14.7 |      35 |       9 |  20.5
       D:13 |    7840 |   11184 |  58.8 |      34 |      38 |  52.8
       D:14 |    3755 |    2020 |  35.0 |      15 |       8 |  34.8
       D:15 |    5989 |    2337 |  28.1 |      36 |       3 |   7.7
     Lair:1 |     157 |       0 |   0.0 |       1 |       0 |   0.0
     Lair:2 |    2051 |    2227 |  52.1 |      10 |       5 |  33.3
     Lair:3 |    1223 |       0 |   0.0 |       8 |       0 |   0.0
     Lair:4 |   10130 |    1155 |  10.2 |      43 |       3 |   6.5
     Lair:5 |    5048 |    3840 |  43.2 |      17 |       6 |  26.1
     Lair:6 |    4494 |   11429 |  71.8 |      14 |      21 |  60.0
    Swamp:1 |    7156 |       0 |   0.0 |      20 |       0 |   0.0
    Swamp:2 |    5143 |       0 |   0.0 |      16 |       0 |   0.0
    Swamp:3 |    4033 |    3723 |  48.0 |       9 |       1 |  10.0
    Swamp:4 |   10095 |   17958 |  64.0 |      27 |      26 |  49.1
   Spider:1 |    4579 |       0 |   0.0 |      14 |       0 |   0.0
   Spider:2 |    3495 |       0 |   0.0 |      14 |       0 |   0.0
   Spider:3 |    3658 |       0 |   0.0 |       9 |       0 |   0.0
   Spider:4 |    6673 |   19270 |  74.3 |      14 |      52 |  78.8
   Vaults:1 |   12933 |    4901 |  27.5 |      20 |       7 |  25.9
   Vaults:2 |    1331 |    2493 |  65.2 |       1 |       3 |  75.0
   Vaults:3 |    5401 |    3849 |  41.6 |      12 |       5 |  29.4
   Vaults:4 |    3696 |       0 |   0.0 |       5 |       0 |   0.0
   Vaults:5 |    7479 |   40448 |  84.4 |      10 |      36 |  78.3
     Bailey |       0 |    1192 | 100.0 |       0 |      30 | 100.0
            +---------+---------+-------+---------+---------+-------
